 Dungeon Crawl Stone Soup version 0.17-a0-1741-gd5e8965 (webtiles) character file.

114 KambridgeKobold the Conjurer (level 4, -8/24 HPs)
             Began as a Deep Elf Conjurer on Aug 31, 2015.
             Killed by divine providence
             ... invoked by an orc priest
              (16 damage)
             ... on level 3 of the Dungeon.
             The game lasted 00:09:20 (2690 turns).

KambridgeKobold the Conjurer (Deep Elf Conjurer)    Turns: 2690, Time: 00:09:20

Health: -8/24      AC:  3    Str:  6    XL:     4   Next: 67%
Magic:  3/12       EV: 13    Int: 20    God:
Gold:   46         SH:  0    Dex: 15    Spells: 4 memorised, 2 levels left

rFire  . . .     SeeInvis .     r - +0 dagger (curse)
rCold  . . .     Clarity  .     a - +0 robe
rNeg   + . .     SustAt   .     (no shield)
rPois  .         Gourm    .     (no helmet)
rElec  .         Spirit   .     (no cloak)
rCorr  .         Warding  .     t - +0 pair of gloves
rMut   .         Stasis   .     (no boots)
MR     .....                    (no amulet)
Stlth  +++.......               (no ring)
                                j - ring of positive energy

@: very slightly contaminated, not resistant to hostile enchantments, fairly
stealthy
A: no striking features
a: no special abilities


You were on level 3 of the Dungeon.
You were hungry.

You visited 1 branch of the dungeon, and saw 3 of its levels.

You collected 46 gold pieces.

Inventory:

Hand weapons
 i - a +0 whip
 r - a cursed +0 dagger (weapon)
Armour
 a - a +0 robe (worn)
 t - a +0 pair of gloves (worn)
Jewellery
 j - a ring of positive energy (left hand)
Scrolls
 e - 3 scrolls of identify {unknown}
 l - a scroll of remove curse {unknown}
 m - a scroll of noise {unknown}
 n - 3 scrolls of recharging {unknown}
 o - a scroll of magic mapping {unknown}
 s - a scroll of teleportation {unknown}
Potions
 d - 4 potions of curing {unknown}
 f - a potion of might {unknown}
 g - a potion of cancellation {unknown}
 h - a potion of ambrosia {unknown}
 k - a potion of brilliance {unknown}
 p - a potion of flight {unknown}
Books
 b - a book of Conjurations

   Spells                             Type                      Level
   a - Magic Dart                     Conjuration                  1
   b - Searing Ray                    Conjuration                  2
   c - Dazzling Spray                 Conjuration/Hexes            3
   d - Fulminant Prism                Conjuration/Hexes            4
   e - Iskenderun's Mystic Blast      Conjuration                  4
   f - Iskenderun's Battlesphere      Conjuration/Charms           5
Comestibles
 c - 2 bread rations
 q - a slice of pizza
 u - 7 chunks of flesh


   Skills:
 - Level 2.4 Dodging
 + Level 4.1 Stealth
 + Level 4.5 Spellcasting
 - Level 5.0 Conjurations
 + Level 1.5 Hexes


You had 2 spell levels left.
You knew the following spells:

 Your Spells              Type           Power        Failure   Level  Hunger
a - Magic Dart            Conj           ###.         1%          1    None
b - Searing Ray           Conj           ###...       2%          2    #......
c - Dazzling Spray        Conj/Hex       ###.....     12%         3    ##.....
d - Iskenderun's Mystic   Conj           ###.....     17%         4    ####...


Dungeon Overview and Level Annotations

Branches:
Dungeon (3/15)

Altars:
Dithmenos


Message History

You kill the orc!
The orb of energy explodes!
The mystic blast hits the orc.
The orc is moderately wounded.
The orc priest shouts!
You are feeling hungry.
Casting: Iskenderun's Mystic Blast
Confirm with . or Enter, or press ? or * to list all spells.
Aiming: Dazzling Spray
Press: ? - help, Shift-Dir - straight line, f/p - orc
Aim: an orc, wielding a falchion and wearing a ring mail (moderately wounded)
You miscast Dazzling Spray.
You are very lightly contaminated with residual magic.
Nothing appears to happen.
The orc priest calls down the wrath of Beogh upon you.
Something smites you!
Ouch! That really hurt!
The orc priest mumbles some strange prayers to Beogh against you.
Something smites you!
Ouch! That really hurt!
You die...

.............#.#
#.
.............#.#
#.
#####........#.#
#.
#############.###.
#(................
#.###########.####
#.# #.# #.# #.#
#@# #.# #o# #.#
#o# #.# #.# #.#
..o ..# ###


You could see an orc priest and 2 orcs.

Vanquished Creatures
  3 adders
  3 oozes
  A worm (D:2)
  4 giant geckos
  An orc (D:3)
  8 bats
  12 hobgoblins
  3 jackals (D:1)
  7 kobolds
  2 ball pythons
  2 giant cockroaches
  5 giant newts
  10 goblins
  5 rats
66 creatures vanquished.

Notes
Turn   | Place    | Note
--------------------------------------------------------------
     0 | D:1      | KambridgeKobold the Deep Elf Conjurer began the quest for the Orb.
     0 | D:1      | Reached XP level 1. HP: 10/10 MP: 6/6
   378 | D:1      | Reached XP level 2. HP: 15/15 MP: 4/8
   382 | D:1      | Learned a level 2 spell: Searing Ray
   978 | D:1      | Reached XP level 3. HP: 19/19 MP: 7/10
  1755 | D:2      | Found a shadowy altar of Dithmenos.
  1773 | D:2      | Learned a level 3 spell: Dazzling Spray
  1773 | D:2      | Reached skill level 5 in Conjurations
  1856 | D:2      | Reached XP level 4. HP: 17/24 MP: 0/12
  1862 | D:2      | Learned a level 4 spell: Iskenderun's Mystic Blast
  2538 | D:3      | Reached skill level 1 in Hexes
  2690 | D:3      | Killed from afar by an orc priest

Vault maps used:
D:1:      ncdulo_watergridlock
D:2:      nicolae_overflow_crystal_walls
D:3:      uniq_jessica

Action                   |  1- 3 |  4- 6 || total
-------------------------+-------+-------++-------
Melee: Whip              |    15 |       ||    15
       Dagger            |    10 |       ||    10
 Cast: Magic Dart        |    76 |    34 ||   110
       Searing Ray       |     2 |     1 ||     3
       Dazzling Spray    |     2 |       ||     2
       Iskenderun's Myst |       |     1 ||     1
 Stab: Sleeping          |     2 |       ||     2
  Eat: Chunk             |     3 |     2 ||     5
